 Dungeon Crawl Stone Soup version 0.29.1-15-g9cfb28693d (webtiles) character file.

Game seed: 17317529944971266136

858 hawla the Firebug (level 8, -6/87 HPs)
             Began as a Meteoran Fire Elementalist on Mar 15, 2023.
             Was an Initiate of Vehumet.
             Mangled by a yak (11 damage)
             ... on level 5 of the Dungeon on Mar 16, 2023.
             The game lasted 00:06:23 (912 turns).

hawla the Firebug (Meteoran Fire Elementalist)       Turns: 912, Time: 00:06:24

Health: -6/87      AC: 24    Str: 10    XL:     8   Next: 46%
Magic:  1/17       EV:  2    Int: 19    God:    Vehumet [......]
Gold:   113        SH:  0    Dex: 14    Spells: 11/18 levels left

rFire   . . .      SeeInvis .   (no weapon)
rCold   . . .      Faith    .   (no shield)
rNeg    . . .      Spirit   .   (body armour currently unavailable)
rPois   +          Reflect  .   (helmet currently unavailable)
rElec   .          Harm     .   (cloak currently unavailable)
rCorr   .          Rampage  .   (gloves currently unavailable)
Will    +....      NoTele   +   (boots currently unavailable)
Stlth   +.........              (no amulet)
HPRegen 0.24/turn               (no ring)
MPRegen 0.15/turn               (no ring)

@: tree-form, hasted, glowing, very quick
A: stationary, stasis, torment immunity, boosted hp, sense surroundings 1,
otherworldly, glowing, explore regen
a: Renounce Religion


You were on level 5 of the Dungeon.
You worshipped Vehumet.
Vehumet was noncommittal.
You were a tree.
You visited 2 branches of the dungeon, and saw 6 of its levels.

You collected 113 gold pieces.

Inventory:

Armour
 a - a +0 robe (melded)
Scrolls
 e - 2 scrolls of teleportation
Potions
 b - a potion of cancellation
 g - a potion of haste


   Skills:
 + Level 0.6 Fighting
 + Level 3.2 Dodging
 - Level 1.4 Stealth
 + Level 5.7 Spellcasting
 + Level 6.5 Conjurations
 + Level 6.9 Fire Magic


You had 11 spell levels left.
You knew the following spells:

 Your Spells              Type           Power      Damage    Failure   Level
a - Foxfire               Conj/Fire      100%       2x1d9     1%          1
b - Scorch                Fire           62%        2d8       1%          2
c - Flame Wave            Conj/Fire      31%        2d9       7%          4

Your spell library contained the following spells:

 Spells                   Type           Power      Damage    Failure   Level
 Conjure Flame            Conj/Fire      31%        6-21      2%          3
 Inner Flame              Hex/Fire       18%        N/A       9%          3
 Confusing Touch          Hex            5%         N/A       34%         3
 Yara's Violent Unravell  Hex/Tmut       2%         3d3       97%         5
 Enfeeble                 Hex            2%         N/A       100%        7


Dungeon Overview and Level Annotations

Branches:
Dungeon (5/15) Zot: 2281   Temple (1/1) D:4 Zot: 401

Altars:
Cheibriados
Dithmenos
Elyvilon
Gozag
Hepliaklqana
Kikubaaqudgha
Makhleb
Okawaru
Uskayaw
Vehumet
Xom
Yredelemnul


Innate Abilities, Weirdness & Mutations

You are a tree.
Your roots penetrate the ground, keeping you stationary.
You cannot be teleported.
You are immune to unholy pain and torment.
Your maximum health is greatly increased.
Your equipment is partially melded.
You passively map a small area around you.
You are easily found by Zot.
You glow in the dark.
You regain HP and MP as you explore.


Message History

The yak is severely wounded.
The foxfire hits the yak.
The yak is burned terribly!
The yak is almost dead.
The yak gores you!
* * * LOW HITPOINT WARNING * * *
A wave of flame ripples out!
The flame wave engulfs the yak!
The yak is burned terribly!
You kill the yak!
Vehumet accepts your kill.
The flame wave engulfs the yak!
The yak is moderately wounded.
A necrophage opens the door.
A wave of flame ripples out!
The flame wave engulfs the yak.
The yak is moderately wounded.
You finish channelling waves of flame.
The yak gores you.
* * * LOW HITPOINT WARNING * * *
Unknown command.
It was a potion of haste.
You feel yourself speed up. The yak gores you!
* * * LOW HITPOINT WARNING * * *
Unknown command.
It was a potion of lignification.
You turn into a tree.
Your +0 robe melds into your body.
Your roots penetrate the ground.
Casting: Flame Wave (dangerous; 7% risk of failure)
Confirm with . or Enter, or press ? or * to list all spells.
Casting: Flame Wave (dangerous; 7% risk of failure)
Press: ? - help, Dir - look around, f - activate A wave of flame ripples out!
The flame wave engulfs the yak!
The yak is severely wounded. (Press . to intensify the flame waves.)
The yak gores you but does no damage.
Unknown command.
Without enough magic to sustain them, the waves of flame dissipate.
The yak barely misses you. The yak gores you but does no damage.
The necrophage hits you but does no damage.
You hit the yak.
The yak is severely wounded.
You hit the yak.
The yak is severely wounded.
The yak gores you!
You die...

#..# ##...##.# ##.#
######.# , #.# ##'## *
#.# ##...## * * #.##
##.....## , , #..##
##.......## ,**
###YY.####.........##.#.
...Y.†...'.....Y<..'....,
#.#Y..####.....Y♣n.#* *
#.##.## ##.......##*** #.
### ##.....## #.* ##...##
, #. ##'## * #. #######.#
,, #$ ##.......# , * *
#........## *
#.#####..####...##


You could see 2 yaks and a necrophage.

Vanquished Creatures
  3 yaks (D:5)
  A water moccasin (D:4)
  A black bear (D:5)
  An ice beast (D:5)
  A phantom (D:5)
  3 adders
  A white imp (D:5)
  An ufetubus (D:4)
  A worm (D:3)
  2 orcs (D:3)
  2 endoplasms
  A giant cockroach (D:3)
  4 goblins
  A kobold (D:3)
  A quokka (D:5)
  3 ball pythons
  A frilled lizard (D:3)
28 creatures vanquished.

Vanquished Creatures (others)
  81 foxfires
81 creatures vanquished.

Grand Total: 109 creatures vanquished

Notes
Turn   | Place    | Note
-------+----------+-------------------------------------------
     0 | D:1      | hawla the Meteoran Fire Elementalist began the quest for
                  | the Orb.
     0 | D:1      | Reached XP level 1. HP: 14/14 MP: 5/5
   139 | D:3      | Reached XP level 2. HP: 12/20 MP: 2/7
   142 | D:3      | Learned a level 2 spell: Scorch
   183 | D:3      | Reached XP level 3. HP: 7/26 MP: 1/8
   294 | D:4      | Noticed a water moccasin
   298 | D:4      | Killed a water moccasin
   299 | D:4      | Reached skill level 5 in Fire Magic
   299 | D:4      | Reached XP level 4. HP: 33/33 MP: 3/11
   299 | D:4      | Reached XP level 5. HP: 38/38 MP: 3/12
   320 | D:4      | Found a staircase to the Ecumenical Temple.
   340 | Temple   | Entered the Ecumenical Temple
   509 | Temple   | Became a worshipper of Vehumet
   631 | D:5      | Entered Level 5 of the Dungeon
   676 | D:5      | Noticed an ice beast
   682 | D:5      | Killed an ice beast
   683 | D:5      | Reached XP level 6. HP: 8/46 MP: 4/14
   688 | D:5      | Learned a level 4 spell: Flame Wave
   803 | D:5      | Noticed a black bear
   812 | D:5      | Reached XP level 7. HP: 51/51 MP: 11/15
   840 | D:5      | Noticed a yak
   840 | D:5      | Noticed a yak
   840 | D:5      | Noticed a yak
   840 | D:5      | Noticed a yak
   840 | D:5      | Noticed a yak
   848 | D:5      | Killed a yak
   852 | D:5      | Killed a yak
   853 | D:5      | Reached skill level 5 in Spellcasting
   853 | D:5      | Reached XP level 8. HP: 39/58 MP: 0/16
   905 | D:5      | Killed a yak
   912 | D:5      | Mangled by a yak

Illustrated notes

Levels and vault maps discovered:
D:1:      sevenhm_arrival_forest_fort_small_6, layout_basic,
          dreamdust_ecumenical_altar_angels_and_demons
D:2:      layout_basic
D:3:      layout_basic, minmay_misc_feat_secret_circle, columned_hall_lemuel,
          minmay_quadrilaterals
D:4:      layout_cave_pools, minmay_temple_entry_glass, kennysheep_doodads,
          minivault_25, uniq_edmund, uniq_robin
D:5:      layout_loops_corners, uniq_blork_the_orc
Temple:   nicolae_temple_bog_church

Skill      XL: |  1  2  3  4  5  6  7 |
---------------+----------------------+-----
Spellcasting   | 3 4 5 |  5.7
Fire Magic     | 4 5 6 |  6.9
Dodging        | 3 |  3.2
Conjurations   | 2 3 6 |  6.5
Fighting       | |  0.6
Stealth        | |  1.4

Action                   |  1- 3 |  4- 6 |  7- 9 || total
-------------------------+-------+-------+-------++-------
Melee: Unarmed           |    13 |     1 |     2 ||    16
 Cast: Foxfire           |    30 |    11 |     9 ||    50
       Scorch            |     4 |     7 |     6 ||    17
       Flame Wave        |       |       |     4 ||     4
  Use: Potion            |     1 |       |     3 ||     4
       Scroll            |       |     4 |     1 ||     5
Armor: Robe              |     3 |       |     2 ||     5
       Skin              |       |       |     3 ||     3
Dodge: Dodged            |    11 |     1 |     8 ||    20
